Map: Fields of Death

Players

Night - Winner!

  • Race: Zerg Zerg
  • Spawn Location: 6:00

llllllllllll

  • Race: Terran Terran
  • Spawn Location: 12:00

CrucialNug - Winner!

  • Race: Terran Terran
  • League: Master
  • Spawn Location: 7:00

KingKong

  • Race: Protoss Protoss
  • Spawn Location: 12:00

VOD

Have the link to the VOD?

Description

Time

  • Played on: April 1, 2017, 11:34 p.m.
  • Length: 8:59
Show
View Real Time Build Order
Export as new Build Order

Night Zerg - Winner!

Build Orders: Hatch First 

Get SALT Encoding   

  12  0:01  Drone  
  13  0:12  Overlord  
  13  0:17  Drone  
  14  0:30  Drone x2  
  14  0:35  Drone  
  17  0:52  Hatchery  
  17  0:55  Drone  
  17  1:00  Drone  
  18  1:11  Spawning Pool  
  18  1:15  Drone  
  18  1:20  Drone  
  19  1:32  Drone  
  20  1:48  Drone  
  20  1:52  Hatchery  
  20  2:01  Queen  
  20  2:04  Queen  
  20  2:05  Zergling x2  
  25  2:09  Zergling x2  
  25  2:15  Overlord  
  26  2:16  Drone  
  26  2:20  Drone  
  28  2:33  Drone  
  28  2:34  Drone x2  
  31  2:39  Drone  
  31  2:41  Queen  
  34  2:45  Overlord  
  34  2:51  Drone  
  34  2:54  Drone  
  36  3:00  Overlord  
  36  3:06  Drone  
  36  3:07  Drone  
  37  3:14  Queen  
  37  3:16  Queen  
  37  3:17  Drone  
  42  3:20  Drone x4  
  42  3:22  Extractor  
  42  3:24  Drone  
  42  3:25  Drone  
  42  3:26  Extractor  
  46  3:27  Drone  
  46  3:36  Drone  
  47  3:49  Drone  
  47  3:52  Overlord  
  47  3:55  Overlord, Roach Warren  
  47  4:01  Drone x2  
  47  4:02  Spine Crawler, Drone x6  
  54  4:08  Evolution Chamber  
  53  4:10  Overlord  
  53  4:13  Drone x3  
  56  4:17  Extractor  
  56  4:23  Drone x2  
  57  4:25  Extractor  
  56  4:32  Lair  
  56  4:35  Roach x2  
  56  4:36  Roach x2  
  64  4:39  Overlord  
  64  4:41  Roach  
  64  4:42  Queen  
  64  4:43  Extractor  
  67  4:46  Overlord  
  67  4:47  Roach  
  67  4:48  Roach  
  71  4:56  Roach  
  73  5:00  Zergling x4  
  73  5:01  Zergling x2  
  73  5:03  Roach x3  
  83  5:14  Overlord, Drone x3  
  83  5:16  Drone x2  
  83  5:18  Zerg Missile Weapons Level 1  
  83  5:20  Ravager  
  88  5:21  Ravager  
  88  5:23  Drone  
  88  5:24  Overlord  
  88  5:26  Spore Crawler  
  89  5:32  Overlord  
  89  5:36  Drone x3  
  89  5:37  Drone x3  
  95  5:47  Overseer, Drone  
  95  5:48  Spine Crawler, Drone  
  95  5:49  Drone x2  
  99  5:50  Glial Reconstitution, Drone  
  99  5:53  Drone x3  
  101  6:05  Extractor  
  101  6:06  Overlord x2  
  101  6:09  Drone  
  101  6:10  Infestation Pit  
  100  6:12  Drone x2  
  100  6:13  Overlord, Hatchery  
  100  6:14  Roach  
  103  6:29  Roach x2  
  103  6:30  Roach x7  
  121  6:39  Overlord  
  121  6:42  Roach x6  
  133  6:52  Overlord x4  
  131  6:55  Roach x3  
  131  6:59  Ravager x3  
  131  7:00  Ravager x6  
  146  7:08  Hive  
  146  7:11  Roach x2  
  150  7:21  Roach x6  
  140  7:31  Roach x7  
  150  7:43  Drone x3, Queen  
  155  7:47  Drone x3  
  155  7:50  Overlord  
  156  7:52  Overlord  
  156  7:55  Drone x4  
  160  7:58  Drone  
  160  8:01  Spire  
  160  8:02  Drone x3  
  163  8:07  Overlord  
  163  8:11  Extractor  
  163  8:12  Extractor  
  161  8:16  Roach  
  161  8:17  Roach x6  
  175  8:22  Hatchery  
  174  8:29  Overseer  
  178  8:34  Evolution Chamber  
Show
View Real Time Build Order
Export as new Build Order

llllllllllll Terran 

Build Orders: Reaper Expand, Mech 

Get SALT Encoding   

  12  0:00  SCV  
  13  0:13  SCV  
  14  0:19  Supply Depot  
  14  0:25  SCV  
  15  0:30  Refinery  
  15  0:40  SCV  
  16  0:44  Barracks  
  16  0:53  SCV  
  17  1:05  SCV  
  18  1:17  SCV  
  19  1:33  Orbital Command  
  19  1:35  Reaper  
  20  1:44  Command Center  
  20  1:58  Factory  
  20  1:59  SCV  
  21  2:06  Refinery  
  21  2:13  Barracks Reactor, SCV  
  22  2:19  Supply Depot  
  22  2:25  SCV  
  23  2:41  SCV  
  23  2:44  Factory  
  24  2:53  SCV  
  24  3:00  Barracks Reactor, Hellion x2  
  24  3:05  SCV  
  29  3:11  Orbital Command  
  29  3:17  SCV  
  30  3:22  Hellion x2  
  34  3:28  Supply Depot  
  34  3:36  SCV  
  35  3:44  Cyclone  
  35  3:48  SCV  
  39  3:51  Cyclone  
  39  3:54  Cyclone  
  45  4:00  Cyclone  
  48  4:02  Supply Depot  
  48  4:04  SCV  
  49  4:11  Supply Depot, SCV  
  50  4:21  Cyclone  
  50  4:23  SCV  
  54  4:24  SCV  
  54  4:29  Supply Depot  
  55  4:36  SCV x2  
  55  4:38  Supply Depot  
  57  4:43  Cyclone  
  58  4:48  SCV x2  
  58  5:00  SCV  
  58  5:03  Cyclone  
  62  5:07  SCV  
  61  5:16  Barracks Tech Lab  
  61  5:19  Refinery x2  
  61  5:20  SCV  
  62  5:26  SCV  
  63  5:29  Supply Depot  
  63  5:31  Command Center  
  63  5:39  SCV x2  
  65  5:49  Siege Tank  
  66  5:50  Hellion x2  
  66  5:51  Starport  
  66  5:53  SCV  
  71  6:01  SCV  
  72  6:05  SCV  
  70  6:17  Hellion x2  
  70  6:18  SCV x2  
  75  6:24  Factory  
  75  6:28  Barracks Tech Lab  
  74  6:34  Siege Tank, Viking  
  74  6:37  SCV x2  
  81  6:43  Armory  
  79  6:53  SCV x2  
  81  6:56  Hellion x2  
  85  7:02  Orbital Command  
  85  7:05  SCV  
  85  7:06  Refinery  
  86  7:10  Factory  
  86  7:13  Barracks Reactor  
  86  7:15  SCV  
  83  7:29  Siege Tank x2, Viking  
  64  7:30  Viking, SCV x2  
  75  7:31  SCV  
  75  7:37  Hellion x2  
  74  7:49  Factory  
  74  7:52  Refinery  
  74  7:58  SCV, Hellion x2  
  78  7:59  SCV  
  61  8:22  Siege Tank x2  
  61  8:24  Hellion x2  
  61  8:25  Hellion x2  
  75  8:31  SCV  
  76  8:36  SCV  
  76  8:37  SCV  
  81  8:43  SCV  
Show
View Real Time Build Order
Export as new Build Order

CrucialNug Terran - Winner!

Build Orders: Liberator Opening, MMM Bio 

Get SALT Encoding   

  12  0:00  SCV  
  13  0:12  SCV  
  14  0:18  Supply Depot  
  14  0:25  SCV  
  15  0:29  Refinery  
  15  0:40  SCV  
  16  0:45  Barracks  
  16  0:52  SCV  
  17  1:04  SCV  
  18  1:16  SCV  
  20  1:32  Reaper, Orbital Command  
  20  1:43  Command Center  
  20  1:54  Factory  
  20  1:58  SCV  
  21  2:04  Refinery  
  21  2:08  Barracks Reactor  
  21  2:17  SCV, Supply Depot  
  22  2:29  SCV  
  23  2:40  Starport  
  23  2:41  SCV  
  23  2:42  Widow Mine  
  26  2:54  SCV  
  26  2:55  Marine x2  
  26  2:57  Orbital Command  
  28  3:06  SCV  
  28  3:12  Widow Mine  
  31  3:14  Marine  
  31  3:15  Marine  
  31  3:18  SCV  
  31  3:19  Bunker  
  34  3:20  Medivac  
  34  3:24  SCV  
  37  3:32  Marine x2  
  37  3:33  SCV  
  40  3:36  SCV  
  41  3:42  Widow Mine  
  41  3:45  SCV  
  41  3:46  Supply Depot  
  44  3:50  SCV  
  44  3:51  Liberator  
  44  3:54  Liberator  
  45  3:57  SCV  
  46  4:08  Command Center  
  49  4:16  Widow Mine  
  54  4:28  Engineering Bay  
  54  4:36  Barracks Tech Lab  
  54  4:40  Barracks  
  54  4:41  Barracks  
  54  4:45  SCV x2  
  54  4:58  SCV x2  
  54  4:59  Stimpack  
  53  5:02  Factory Tech Lab  
  52  5:07  Starport Reactor, Barracks  
  52  5:08  Barracks  
  52  5:10  SCV x2  
  52  5:12  Terran Infantry Weapons Level 1  
  54  5:15  Engineering Bay  
  54  5:19  Marine  
  54  5:20  Orbital Command  
  54  5:21  Refinery  
  55  5:22  SCV  
  55  5:27  Siege Tank  
  59  5:33  Barracks Tech Lab  
  59  5:34  SCV  
  59  5:35  SCV  
  61  5:37  Marine  
  62  5:43  Barracks Reactor  
  62  5:46  Refinery, SCV  
  62  5:47  SCV  
  62  5:48  SCV  
  62  5:49  Missile Turret  
  65  5:55  Terran Infantry Armor Level 1  
  65  5:56  Marine  
  65  5:57  Marine x2  
  66  5:58  SCV  
  69  6:10  Combat Shields  
  69  6:13  Supply Depot x2  
  69  6:14  SCV x3  
  69  6:15  Supply Depot  
  69  6:17  Supply Depot  
  69  6:20  Barracks Reactor  
  69  6:31  Marine x2, SCV  
  69  6:32  Armory  
  69  6:34  Marine x2  
  69  6:35  SCV x2  
  69  6:36  Siege Tank  
  69  6:37  Refinery  
  76  6:44  SCV  
  76  6:47  SCV  
  78  6:49  Marauder, Medivac  
  78  6:51  Marauder  
  78  6:52  SCV  
  83  6:56  Marine x4  
  83  6:57  Marine x2, SCV  
  83  6:59  SCV  
  91  7:03  Supply Depot  
  91  7:04  SCV  
  91  7:05  Supply Depot  
  92  7:09  Marine, SCV  
  92  7:11  Concussive Shells  
  92  7:12  Marine, Siege Tank  
  98  7:19  Marine x3  
  98  7:20  Marine  
  98  7:23  Marine x2, SCV  
  98  7:26  Medivac x2  
  98  7:28  Marauder, SCV  
  100  7:30  Marauder  
  100  7:31  SCV  
  100  7:37  Marine x2  
  103  7:45  Marine  
  103  7:46  Marine x3  
  103  7:49  Marauder  
  103  7:50  SCV  
  107  7:59  Supply Depot  
  107  8:04  Marine x3  
  110  8:10  Supply Depot  
  99  8:20  Marine x3, Marauder  
  99  8:24  Marine  
  99  8:25  Marauder, SCV  
  99  8:26  SCV x2  
  106  8:37  Marine x2  
  106  8:38  SCV x3  
  111  8:46  Supply Depot  
  111  8:47  Supply Depot  
Show
View Real Time Build Order
Export as new Build Order

KingKong Protoss 

Build Orders: 1 Gate Expand, Blink Stalkers 

Get SALT Encoding   

  12  0:00  Probe (Chrono Boost)  
  13  0:11  Probe (Chrono Boost)  
  14  0:17  Pylon  
  14  0:22  Probe (Chrono Boost)  
  16  0:35  Probe (Chrono Boost)  
  16  0:40  Gateway  
  16  0:46  Probe (Chrono Boost)  
  16  0:47  Assimilator  
  17  0:56  Probe (Chrono Boost)  
  18  1:07  Probe (Chrono Boost)  
  19  1:22  Nexus  
  19  1:32  Cybernetics Core  
  19  1:35  Probe (Chrono Boost)  
  20  1:45  Probe (Chrono Boost), Pylon  
  21  1:51  Pylon  
  21  1:57  Assimilator  
  21  2:02  Probe (Chrono Boost)  
  22  2:11  Stalker  
  22  2:12  Probe (Chrono Boost)  
  24  2:19  Warp Gate  
  25  2:23  Probe (Chrono Boost)  
  25  2:33  Probe (Chrono Boost)  
  25  2:35  Probe (Chrono Boost)  
  29  2:44  Mothership Core (Chrono Boost)  
  29  2:45  Probe (Chrono Boost)  
  30  2:52  Robotics Facility  
  30  2:56  Probe (Chrono Boost)  
  31  3:02  Probe (Chrono Boost)  
  32  3:06  Probe (Chrono Boost)  
  32  3:10  Twilight Council  
  33  3:13  Probe (Chrono Boost)  
  33  3:17  Probe (Chrono Boost)  
  35  3:22  Assimilator  
  35  3:23  Probe (Chrono Boost)  
  36  3:27  Probe (Chrono Boost)  
  38  3:34  Pylon  
  38  3:35  Probe (Chrono Boost)  
  38  3:36  Blink  
  38  3:38  Probe (Chrono Boost), Observer  
  40  3:44  Gateway x2  
  41  3:49  Probe (Chrono Boost)  
  41  3:54  Probe (Chrono Boost)  
  42  4:01  Probe (Chrono Boost)  
  42  4:02  Observer  
  44  4:05  Probe (Chrono Boost), Assimilator  
  45  4:13  Probe (Chrono Boost)  
  46  4:18  Gateway  
  46  4:19  Gateway  
  46  4:21  Probe (Chrono Boost)  
  47  4:27  Probe (Chrono Boost)  
  47  4:30  Gateway  
  48  4:32  Gateway  
  48  4:37  Pylon  
  49  4:40  Probe (Chrono Boost)  
  47  4:49  Stalker  
  50  4:53  Probe (Chrono Boost)  
  50  4:55  Pylon  
  50  4:56  Warp Prism  
  52  5:08  Stalker  
  52  5:12  Probe (Chrono Boost)  
  55  5:14  Stalker  
  58  5:21  Probe (Chrono Boost)  
  58  5:24  Pylon  
  58  5:26  Pylon  
  58  5:30  Observer  
  58  5:34  Stalker x2  
  62  5:43  Pylon  
  62  5:50  Observer, Stalker x3  
  62  5:55  Probe (Chrono Boost)  
  70  5:58  Stalker  
  71  6:09  Probe (Chrono Boost)  
  71  6:12  Stalker x3  
  71  6:17  Stalker  
  79  6:22  Probe (Chrono Boost)  
  79  6:24  Probe (Chrono Boost)  
  81  6:27  Stalker  
  81  6:32  Stalker  
  85  6:34  Probe (Chrono Boost)  
  85  6:36  Pylon  
  85  6:40  Stalker  
  86  7:08  Probe x2 (Chrono Boost)  
  88  7:09  Stalker x6  
  94  7:27  Stalker  
  76  7:36  Probe x2 (Chrono Boost), Nexus  
  76  7:44  Dark Shrine  
  70  7:48  Probe (Chrono Boost)  
  71  7:55  Probe (Chrono Boost)  
  71  7:56  Robotics Bay  
  70  7:58  Immortal  
  70  8:04  Probe (Chrono Boost)  
  67  8:07  Pylon  
  67  8:08  Probe (Chrono Boost)  
  67  8:09  Sentry x5  
  78  8:16  Probe (Chrono Boost)  
  71  8:22  Stalker x2  
  71  8:26  Probe (Chrono Boost)  
  73  8:28  Probe (Chrono Boost)  
  73  8:38  Probe (Chrono Boost)  
  73  8:40  Probe (Chrono Boost)  
Tags
 
Add a new tag
Caveats
  • Supply blocks, unpowered buildings, or Contaminate may cause inaccurate times.
  • Supply counts are checked every 10 seconds.